[Event "RUS-ch Women Rapid 2019"]
[Site "Sochi"]
[Date "2019.10.15"]
[Round "2.10"]
[White "Gubernatorova, Lyudmila"]
[Black "Gritsayeva, Oksana"]
[Result "1/2-1/2"]
[ECO "E11"]
[WhiteElo "2200"]
[BlackElo "2260"]
[Annotator "NA"]
[PlyCount "71"]
[EventDate "2019.10.15"]
[EventType "swiss"]
[EventCountry "RUS"]
[SourceTitle "playchess.com"]
[Source "ChessBase"]
[SourceQuality "1"]
[TimeControl "900+10"]

1. d4 Nf6 2. c4 e6 3. Nf3 Bb4+ 4. Bd2 c5 5. Bxb4 cxb4 6. a3 bxa3 7. Rxa3 Nc6 8. Nc3 d6 9. e4 O-O 10. d5 exd5 11. cxd5 Nb4 12. Be2 Bg4 13. h3 Bxf3 14. Bxf3 Re8 15. O-O Nd7 16. Be2 Nc5 17. Bb5 Re7 18. Re1 a6 19. Bf1 Qb6 20. Na4 Nxa4 21. Rxa4 Rae8 22. Qd2 a5 23. Rea1 Rxe4 24. Rxa5 Qd4 25. Qxd4 Rxd4 26. Ra7 Nxd5 27. Rxb7 g6 28. Raa7 Re1 29. Rxf7 Rdd1 30. Rg7+ Kf8 31. Rxh7 Rxf1+ 32. Kh2 Kg8 33. Rag7+ Kf8 34. Ra7 Kg8 35. Rag7+ Kf8 36. Ra7 1/2-1/2

[Event "RUS-ch Women Rapid 2019"]
[Site "Sochi"]
[Date "2019.10.15"]
[Round "2.11"]
[White "Karavaeva, Olga"]
[Black "Klyasheva, Tatiana"]
[Result "1-0"]
[ECO "A13"]
[WhiteElo "2260"]
[BlackElo "2049"]
[Annotator "NA"]
[PlyCount "57"]
[EventDate "2019.10.15"]
[EventType "swiss"]
[EventCountry "RUS"]
[SourceTitle "playchess.com"]
[Source "ChessBase"]
[SourceQuality "1"]
[TimeControl "900+10"]

1. c4 e6 2. g3 d5 3. Bg2 b6 4. Nf3 Bb7 5. Qc2 c5 6. O-O Nc6 7. cxd5 exd5 8. a3 Nf6 9. d4 c4 10. Nc3 Be7 11. Bf4 O-O 12. Rad1 h6 13. Ne5 a6 14. a4 Nb4 15. Qb1 Qc8 16. h3 Nh5 17. Kh2 Qe6 18. Bf3 Nxf4 19. gxf4 Rab8 20. Rg1 Bc8 21. Bg4 f5 22. Bf3 Bh4 23. Rg2 Bf6 24. Rg6 Rd8 25. Rdg1 Kh8 26. Qf1 Bd7 27. Qg2 Rg8 28. Nxd5 Nxd5 29. Bxd5 1-0

[Event "RUS-ch Women Rapid 2019"]
[Site "Sochi"]
[Date "2019.10.15"]
[Round "2.12"]
[White "Murashova, Ekaterina"]
[Black "Gutkovich, Polina"]
[Result "1/2-1/2"]
[ECO "B00"]
[WhiteElo "2248"]
[BlackElo "2105"]
[Annotator "NA"]
[PlyCount "135"]
[EventDate "2019.10.15"]
[EventType "swiss"]
[EventCountry "RUS"]
[SourceTitle "playchess.com"]
[Source "ChessBase"]
[SourceQuality "1"]
[TimeControl "900+10"]

1. e4 Nc6 2. Nf3 d6 3. d4 Nf6 4. Nc3 Bg4 5. d5 Nb8 6. Be2 c6 7. O-O g6 8. Be3 Bg7 9. Qd2 Nbd7 10. h3 Bxf3 11. Bxf3 O-O 12. a4 Ne5 13. Be2 cxd5 14. exd5 Qc8 15. b3 a6 16. Bd4 Qc7 17. a5 Rac8 18. Ra2 Ned7 19. Re1 Nc5 20. Bf1 e5 21. dxe6 Nxe6 22. Bxf6 Bxf6 23. Nd5 Bg5 24. Qxg5 Nxg5 25. Nxc7 Rxc7 26. c4 Ne6 27. g3 Nd4 28. Re3 d5 29. cxd5 Rd8 30. Bc4 Nf5 31. Rd3 Nd6 32. Rd4 Nf5 33. Rd1 Nd6 34. Ra4 Ne4 35. Rd4 Nc3 36. Ra1 Rcd7 37. Rd3 Ne4 38. Rad1 Nd6 39. Kg2 Rc8 40. Rd4 Rc5 41. Ra1 Nb5 42. Rd3 Nd6 43. Ra4 Kf8 44. g4 Rdc7 45. Rd4 Ke7 46. Kf3 Kf6 47. Rf4+ Ke5 48. Ra1 Nxc4 49. Re4+ Kxd5 50. Rd1+ Nd2+ 51. Rxd2+ Kc6 52. b4 Rc3+ 53. Kg2 b6 54. Ra2 b5 55. g5 Rc4 56. Rae2 Rxe4 57. Rxe4 Kd5 58. Rf4 Ke5 59. Rf6 Rc4 60. Rxf7 Rxb4 61. Ra7 Ra4 62. Rxa6 Kf5 63. Ra8 Kxg5 64. a6 b4 65. Rb8 Rxa6 66. Rxb4 Ra5 67. Kg3 h5 68. h4+ 1/2-1/2

[Event "RUS-ch Women Rapid 2019"]
[Site "Sochi"]
[Date "2019.10.15"]
[Round "3.1"]
[White "Voit, Daria"]
[Black "Garifullina, Leya"]
[Result "1/2-1/2"]
[ECO "E16"]
[WhiteElo "2361"]
[BlackElo "2330"]
[Annotator "NA"]
[PlyCount "64"]
[EventDate "2019.10.15"]
[EventType "swiss"]
[EventCountry "RUS"]
[SourceTitle "playchess.com"]
[Source "ChessBase"]
[SourceQuality "1"]
[TimeControl "900+10"]

1. d4 Nf6 2. Nf3 e6 3. c4 b6 4. g3 Bb7 5. Bg2 Bb4+ 6. Bd2 Be7 7. O-O O-O 8. Nc3 c6 9. Qc2 d5 10. Rfd1 Nbd7 11. Bf4 Qc8 12. cxd5 cxd5 13. Rac1 Bc6 14. Ne5 Nxe5 15. dxe5 Nd7 16. e4 dxe4 17. Nxe4 Nc5 18. Nxc5 Bxg2 19. Kxg2 Bxc5 20. Qe4 Rd8 21. Bg5 Rxd1 22. Rxd1 Qe8 23. b4 Bf8 24. a3 h6 25. Be3 Rb8 26. Rc1 Rc8 27. Rc4 Rxc4 28. Qxc4 Qa4 29. Qc3 a5 30. Bxb6 axb4 31. axb4 Qxb4 32. Qxb4 Bxb4 1/2-1/2

[Event "RUS-ch Women Rapid 2019"]
[Site "Sochi"]
[Date "2019.10.15"]
[Round "3.2"]
[White "Gvanceladze, Anna"]
[Black "Ambartsumova, Karina"]
[Result "1/2-1/2"]
[ECO "E62"]
[WhiteElo "2270"]
[BlackElo "2336"]
[Annotator "NA RC"]
[PlyCount "47"]
[EventDate "2019.10.15"]
[EventType "swiss"]
[EventCountry "RUS"]
[SourceTitle "playchess.com"]
[Source "ChessBase"]
[SourceQuality "1"]
[TimeControl "900+10"]

1. d4 d6 2. Nf3 g6 3. g3 Bg7 4. Bg2 Nf6 5. c4 O-O 6. Nc3 Nc6 7. O-O e5 8. d5 Nb8 9. e4 a5 10. a3 Nbd7 11. Qc2 Nc5 12. b3 Nfd7 13. Rb1 f5 14. b4 axb4 15. axb4 Nxe4 16. Nxe4 fxe4 17. Ng5 Nf6 18. Nxe4 Bf5 19. Bg5 Qd7 20. Bxf6 Bxf6 21. Nxf6+ Rxf6 22. Be4 Bxe4 23. Qxe4 Raf8 24. Ra1 1/2-1/2

[Event "RUS-ch Women Rapid 2019"]
[Site "Sochi"]
[Date "2019.10.15"]
[Round "3.3"]
[White "Fominykh, Maria"]
[Black "Kovanova, Baira"]
[Result "0-1"]
[ECO "A08"]
[WhiteElo "2206"]
[BlackElo "2288"]
[Annotator "NA"]
[PlyCount "112"]
[EventDate "2019.10.15"]
[EventType "swiss"]
[EventCountry "RUS"]
[SourceTitle "playchess.com"]
[Source "ChessBase"]
[SourceQuality "1"]
[TimeControl "900+10"]

1. Nf3 Nf6 2. g3 e6 3. Bg2 d5 4. O-O c5 5. d3 Be7 6. Nbd2 Nc6 7. e4 O-O 8. Re1 b5 9. e5 Nd7 10. Nf1 Bb7 11. h4 Qc7 12. Bf4 Rfc8 13. h5 h6 14. N1h2 Qd8 15. Ng4 Bf8 16. c4 bxc4 17. dxc4 Ne7 18. Nd2 Bc6 19. cxd5 Nxd5 20. Bxd5 Bxd5 21. Ne4 Rab8 22. Qc2 Qb6 23. Re2 Be7 24. Nef6+ Bxf6 25. Nxf6+ gxf6 26. exf6 Nxf6 27. Bxh6 Nh7 28. Qc3 f6 29. Qd3 f5 30. Qc3 Rb7 31. Be3 Qb4 32. Qe5 Qg4 33. Rd2 Qf3 34. Rxd5 Qxd5 35. Qc3 Rg7 36. Bh6 Rg4 37. Re1 Rd8 38. Kh2 Qd4 39. Qf3 Qd5 40. Qc3 f4 41. Re5 fxg3+ 42. fxg3 Qd3 43. Qe1 Qd1 44. Qe3 Rd3 45. Qxc5 Rd5 46. Qc8+ Kf7 47. Qc7+ Rd7 48. Qc3 Nf6 49. Re1 Qd3 50. Qe5 Rh4+ 51. Kg1 Qd4+ 52. Qxd4 Rhxd4 53. Be3 Re4 54. h6 Rd3 55. Bf2 Rxe1+ 56. Bxe1 Kg6 0-1

[Event "RUS-ch Women Rapid 2019"]
[Site "Sochi"]
[Date "2019.10.15"]
[Round "3.4"]
[White "Bivol, Alina"]
[Black "Markelova, Lubov"]
[Result "1-0"]
[ECO "A11"]
[WhiteElo "2283"]
[BlackElo "2198"]
[Annotator "NA"]
[PlyCount "82"]
[EventDate "2019.10.15"]
[EventType "swiss"]
[EventCountry "RUS"]
[SourceTitle "playchess.com"]
[Source "ChessBase"]
[SourceQuality "1"]
[TimeControl "900+10"]

1. c4 c6 2. Nc3 d5 3. cxd5 cxd5 4. d4 Nf6 5. Bf4 Nc6 6. e3 Bf5 7. h3 e6 8. Nf3 Be7 9. Be2 O-O 10. O-O Rc8 11. Nh4 Be4 12. f3 Bg6 13. Nxg6 hxg6 14. Bg3 Nh5 15. Bf2 Bh4 16. Qe1 Bxf2+ 17. Qxf2 Qd6 18. Rfd1 Ng3 19. Bd3 Nf5 20. Rac1 Na5 21. Nb5 Qb6 22. e4 dxe4 23. fxe4 Nd6 24. d5 Qxf2+ 25. Kxf2 Rxc1 26. Rxc1 Nxb5 27. Bxb5 exd5 28. exd5 Rd8 29. Rd1 a6 30. Be2 b5 31. b3 Nb7 32. Bf3 Nd6 33. Ke3 Rc8 34. Kd4 Kf8 35. Re1 Rc2 36. a3 a5 37. Re2 Rc1 38. Bg4 b4 39. axb4 axb4 40. Bd7 Rd1+ 41. Kc5 Nb7+ 1-0

[Event "RUS-ch Women Rapid 2019"]
[Site "Sochi"]
[Date "2019.10.15"]
[Round "3.7"]
[White "Samigullina, Diana"]
[Black "Chernyak, Viktoria"]
[Result "1-0"]
[ECO "D05"]
[WhiteElo "2161"]
[BlackElo "2284"]
[Annotator "NA"]
[PlyCount "123"]
[EventDate "2019.10.15"]
[EventType "swiss"]
[EventCountry "RUS"]
[SourceTitle "playchess.com"]
[Source "ChessBase"]
[SourceQuality "1"]
[TimeControl "900+10"]

1. d4 d5 2. Nf3 Nf6 3. e3 c5 4. c3 e6 5. Bd3 Nc6 6. Nbd2 c4 7. Bc2 b5 8. e4 Bb7 9. O-O Be7 10. Re1 Qc7 11. exd5 Nxd5 12. a4 b4 13. Nxc4 bxc3 14. Nce5 Bf6 15. bxc3 Nxc3 16. Qd2 Nd5 17. Ba3 Nce7 18. Rac1 Qd8 19. Qd3 Rb8 20. Qb5+ Bc6 21. Nxc6 Rxb5 22. Nxd8 Rb8 23. Nxe6 fxe6 24. Rxe6 Kf7 25. Rce1 Rhc8 26. Bxe7 Nxe7 27. Bd3 Rc3 28. Bf1 Rb2 29. Ra6 Rc7 30. Ne5+ Bxe5 31. dxe5 Nd5 32. g3 Nb4 33. Ra5 Nc2 34. Rd1 Ke7 35. Rb5 Ra2 36. a5 a6 37. Rbd5 Nb4 38. Rd6 Rxa5 39. f4 Ra2 40. Bh3 Rac2 41. Rd7+ Kf8 42. Rxc7 Rxc7 43. Rd8+ Ke7 44. Rg8 Kf7 45. Rd8 Nc2 46. Rd7+ Rxd7 47. Bxd7 Ke7 48. Ba4 Nd4 49. Kf2 g6 50. g4 Ne6 51. Ke3 Nc5 52. Bc6 a5 53. f5 gxf5 54. gxf5 a4 55. Bd5 Nd7 56. Kf4 a3 57. Ba2 Nc5 58. f6+ Kf8 59. e6 Nd3+ 60. Kf5 Nb4 61. e7+ Ke8 62. Ke6 1-0

[Event "RUS-ch Women Rapid 2019"]
[Site "Sochi"]
[Date "2019.10.15"]
[Round "3.8"]
[White "Chekmareva, Liya"]
[Black "Shafigullina, Zarina"]
[Result "1/2-1/2"]
[ECO "B31"]
[WhiteElo "2023"]
[BlackElo "2295"]
[Annotator "NA"]
[PlyCount "55"]
[EventDate "2019.10.15"]
[EventType "swiss"]
[EventCountry "RUS"]
[SourceTitle "playchess.com"]
[Source "ChessBase"]
[SourceQuality "1"]
[TimeControl "900+10"]

1. e4 c5 2. Nf3 Nc6 3. Bb5 g6 4. O-O Bg7 5. c3 Nf6 6. Re1 O-O 7. h3 a6 8. Bf1 d6 9. d4 Nd7 10. Be3 cxd4 11. cxd4 b5 12. Qd2 Re8 13. Nc3 Bb7 14. Rad1 Rc8 15. Bh6 Bh8 16. h4 Qa5 17. h5 b4 18. Nd5 e6 19. Nf4 b3 20. axb3 Qxd2 21. Nxd2 Nxd4 22. Nc4 Nb5 23. Nxd6 Nxd6 24. Rxd6 Nc5 25. b4 Nxe4 26. Rd7 Bc6 27. Rd3 Bxb2 28. Rde3 1/2-1/2

[Event "RUS-ch Women Rapid 2019"]
[Site "Sochi"]
[Date "2019.10.15"]
[Round "3.9"]
[White "Belkova, Diana"]
[Black "Murashova, Ekaterina"]
[Result "1-0"]
[ECO "B27"]
[WhiteElo "2030"]
[BlackElo "2248"]
[Annotator "NA"]
[PlyCount "51"]
[EventDate "2019.10.15"]
[EventType "swiss"]
[EventCountry "RUS"]
[SourceTitle "playchess.com"]
[Source "ChessBase"]
[SourceQuality "1"]
[TimeControl "900+10"]

1. e4 c5 2. Nf3 g6 3. c3 Bg7 4. d4 cxd4 5. cxd4 d5 6. exd5 Nf6 7. Nc3 Nxd5 8. Qb3 Nb6 9. Bb5+ Bd7 10. O-O O-O 11. Bg5 h6 12. Bh4 Bxb5 13. Qxb5 Na6 14. Rfe1 g5 15. Bg3 Nc7 16. Qb3 e6 17. Be5 Ncd5 18. Ne4 g4 19. Bxg7 Kxg7 20. Ne5 f6 21. Nxg4 f5 22. Nc5 Nf4 23. Ne5 Qxd4 24. Qg3+ Kh8 25. Nb3 Nh5 26. Ng6+ 1-0

[Event "RUS-ch Women Rapid 2019"]
[Site "Sochi"]
[Date "2019.10.15"]
[Round "3.10"]
[White "Pogonina, Natalija"]
[Black "Gubernatorova, Lyudmila"]
[Result "1-0"]
[ECO "A45"]
[WhiteElo "2501"]
[BlackElo "2200"]
[Annotator "ChessBase"]
[PlyCount "97"]
[EventDate "2019.10.15"]
[EventType "swiss"]
[EventCountry "RUS"]
[SourceTitle "playchess.com"]
[Source "ChessBase"]
[SourceQuality "1"]
[TimeControl "900+10"]

1. d4 Nf6 2. g3 c5 3. d5 e6 4. Nc3 exd5 5. Nxd5 Nxd5 6. Qxd5 Nc6 7. c3 Be7 8. Nf3 d6 9. Bg2 O-O 10. O-O Be6 11. Qh5 d5 12. Rd1 Qb6 13. b3 Rad8 14. Ng5 Bxg5 15. Bxg5 f6 16. Bf4 d4 17. Bd2 Bf7 18. Qh4 Bg6 19. c4 Rfe8 20. e4 a5 21. Rab1 Rd7 22. Re1 Rde7 23. Qg4 Ne5 24. Qe2 Nc6 25. Qd3 Ne5 26. Qc2 Nc6 27. a3 Qc7 28. f4 Qd7 29. Qd3 Kh8 30. h3 h6 31. g4 Qc7 32. Re2 Bh7 33. Rbe1 g5 34. Rf1 gxf4 35. Bxf4 Ne5 36. Qg3 Rg8 37. Bxh6 Qd7 38. Ref2 d3 39. Be3 b6 40. Rxf6 a4 41. Rxb6 axb3 42. Bxc5 Nxc4 43. Rxb3 d2 44. Rd3 Qc7 45. Bxe7 Qxe7 46. Rd4 Qc5 47. Qf2 Rb8 48. Kh1 Qc7 49. Qf6+ 1-0

[Event "RUS-ch Women Rapid 2019"]
[Site "Sochi"]
[Date "2019.10.15"]
[Round "3.11"]
[White "Lysenko, Maria"]
[Black "Vasilevich, Tatjana"]
[Result "1-0"]
[ECO "D38"]
[WhiteElo "1986"]
[BlackElo "2265"]
[Annotator "NA"]
[PlyCount "61"]
[EventDate "2019.10.15"]
[EventType "swiss"]
[EventCountry "RUS"]
[SourceTitle "playchess.com"]
[Source "ChessBase"]
[SourceQuality "1"]
[TimeControl "900+10"]

1. Nf3 Nf6 2. c4 e6 3. Nc3 d5 4. d4 Bb4 5. Qa4+ Nc6 6. Ne5 Bd7 7. Nxc6 Bxc3+ 8. bxc3 Bxc6 9. Qb3 O-O 10. Bg5 dxc4 11. Qxc4 Qd5 12. Qxd5 Nxd5 13. Bd2 b5 14. e4 Nb6 15. f3 f5 16. exf5 exf5 17. Kf2 g6 18. Bd3 Rfe8 19. Rhe1 a6 20. Rxe8+ Rxe8 21. Re1 Kf7 22. Rxe8 Kxe8 23. Ke3 Ke7 24. Kf2 Bd5 25. a3 Bc4 26. Bc2 Ke6 27. Ke3 Nd5+ 28. Kf2 a5 29. g4 fxg4 30. fxg4 Nb6 31. Ke3 1-0

[Event "RUS-ch Women Rapid 2019"]
[Site "Sochi"]
[Date "2019.10.15"]
[Round "4.1"]
[White "Kovanova, Baira"]
[Black "Sukhareva, Evgeniya"]
[Result "0-1"]
[ECO "A05"]
[WhiteElo "2288"]
[BlackElo "2122"]
[Annotator "NA"]
[PlyCount "176"]
[EventDate "2019.10.15"]
[EventType "swiss"]
[EventCountry "RUS"]
[SourceTitle "playchess.com"]
[Source "ChessBase"]
[SourceQuality "1"]
[TimeControl "900+10"]

1. Nf3 Nf6 2. c4 e6 3. e3 b6 4. b3 Bb7 5. Bb2 Be7 6. Nc3 O-O 7. Be2 c5 8. O-O d6 9. Qc2 Nbd7 10. Rad1 a6 11. d4 Qc7 12. d5 exd5 13. cxd5 b5 14. e4 Rfe8 15. a4 b4 16. Nb1 Bf8 17. Bd3 g6 18. Nbd2 Bg7 19. Nc4 Ng4 20. Bxg7 Kxg7 21. Ncd2 Kg8 22. h3 Ngf6 23. Rfe1 Nh5 24. Bf1 f6 25. Nc4 Ne5 26. Nfd2 Rad8 27. a5 Qg7 28. g3 Qh6 29. Ne3 Bc8 30. Bg2 Kh8 31. f4 Nf7 32. Ndf1 g5 33. Ng4 Qg7 34. f5 Ne5 35. Qf2 Qe7 36. Nfe3 Bd7 37. Bf1 Ra8 38. Nxe5 Qxe5 39. Nc4 Qe7 40. Be2 Ng7 41. Bf3 Rg8 42. g4 Ne8 43. Kg2 Nc7 44. Rh1 Nb5 45. h4 Nd4 46. Rxd4 cxd4 47. Qxd4 Bb5 48. Nb6 Rab8 49. hxg5 Rxg5 50. Rc1 Rgg8 51. Qxb4 Qe5 52. Qc3 Qe7 53. Rh1 Rg7 54. b4 Rbg8 55. Kf2 Qd8 56. Rc1 Qe7 57. Qd4 Rg5 58. Nc8 Qd8 59. Na7 Qf8 60. Rh1 Bd7 61. Nc6 Qg7 62. Be2 Bc8 63. Bf3 Rf8 64. Be2 Qb7 65. Rh6 Qg7 66. Rh4 Qb7 67. Qe3 Qg7 68. Qd4 Bd7 69. Qb6 Re8 70. Bf3 Bxc6 71. dxc6 Qe7 72. Qd4 Rg7 73. Rh6 Rf8 74. c7 Rgf7 75. g5 Qxc7 76. g6 Qc2+ 77. Be2 Rd7 78. gxh7 Rdf7 79. b5 axb5 80. a6 Qc1 81. Rh4 Qa3 82. Bxb5 Rg7 83. Bd3 Qc1 84. Bf1 Qg5 85. Rh1 Qf4+ 86. Ke1 Re8 87. Bd3 Qg3+ 88. Qf2 Qxd3 0-1

[Event "RUS-ch Women Rapid 2019"]
[Site "Sochi"]
[Date "2019.10.15"]
[Round "4.2"]
[White "Samigullina, Diana"]
[Black "Bivol, Alina"]
[Result "1/2-1/2"]
[ECO "A48"]
[WhiteElo "2161"]
[BlackElo "2283"]
[Annotator "NA"]
[PlyCount "129"]
[EventDate "2019.10.15"]
[EventType "swiss"]
[EventCountry "RUS"]
[SourceTitle "playchess.com"]
[Source "ChessBase"]
[SourceQuality "1"]
[TimeControl "900+10"]

1. d4 Nf6 2. Nf3 g6 3. Bg5 Bg7 4. Nbd2 d6 5. e4 O-O 6. c3 c5 7. dxc5 dxc5 8. Bc4 h6 9. Be3 Qc7 10. h3 Nh5 11. e5 Bxe5 12. Bxh6 Bg7 13. Bxg7 Kxg7 14. O-O Nc6 15. Re1 Nf4 16. Bf1 Bf5 17. Ne4 Rad8 18. Qa4 b6 19. Ng3 Bd3 20. Bxd3 Nxd3 21. Re2 e5 22. Qg4 Rh8 23. Ng5 Qc8 24. Qc4 Qc7 25. Qg4 Nf4 26. Ree1 Qc8 27. Qf3 f6 28. N5e4 Rd3 29. Re3 Rhd8 30. Rae1 c4 31. Ne2 Rxe3 32. fxe3 Nxe2+ 33. Rxe2 Qe6 34. Rf2 f5 35. Ng5 Qd6 36. Rf1 Ne7 37. e4 Rf8 38. Qg3 fxe4 39. Rxf8 Kxf8 40. Nxe4 Qe6 41. Qh4 Ke8 42. Qh8+ Kd7 43. Qb8 a5 44. Kh2 Qc6 45. Qa7+ Ke8 46. Qb8+ Kd7 47. Qa7+ Qc7 48. Nf6+ Kc8 49. Qa8+ Qb8 50. Qe4 b5 51. Nd5 Nf5 52. g4 Nh4 53. Ne7+ Kd7 54. Nxg6 Nxg6 55. Qxg6 b4 56. Qf7+ Kd6 57. Qxc4 bxc3 58. Qxc3 Qb6 59. Kg3 Qg1+ 60. Kh4 Qf2+ 61. Kh5 Qf7+ 62. Kh4 Qf2+ 63. Kh5 Qf7+ 64. Kh4 Qf2+ 65. Kh5 1/2-1/2

[Event "RUS-ch Women Rapid 2019"]
[Site "Sochi"]
[Date "2019.10.15"]
[Round "4.3"]
[White "Karavaeva, Olga"]
[Black "Belkova, Diana"]
[Result "1/2-1/2"]
[ECO "A34"]
[WhiteElo "2260"]
[BlackElo "2030"]
[Annotator "NA"]
[PlyCount "85"]
[EventDate "2019.10.15"]
[EventType "swiss"]
[EventCountry "RUS"]
[SourceTitle "playchess.com"]
[Source "ChessBase"]
[SourceQuality "1"]
[TimeControl "900+10"]

1. c4 Nf6 2. Nc3 c5 3. g3 Nc6 4. Bg2 d6 5. Nf3 g6 6. O-O Bg7 7. d4 cxd4 8. Nxd4 Bd7 9. e3 Qc8 10. Re1 Bh3 11. Bh1 h5 12. Qa4 Bd7 13. Nxc6 Bxc6 14. Bxc6+ bxc6 15. h4 Kf8 16. Kg2 Ng4 17. e4 Bd4 18. Nd1 Kg7 19. Qc2 Qe6 20. f3 Ne5 21. Be3 Bxe3 22. Nxe3 Rhb8 23. b3 a5 24. f4 Ng4 25. Nxg4 hxg4 26. Qc3+ f6 27. f5 Qe5 28. Qxe5 dxe5 29. fxg6 Kxg6 30. Rab1 c5 31. Red1 a4 32. Rd5 axb3 33. axb3 Ra2+ 34. Kg1 Ra3 35. Rd3 Ra2 36. Re1 Rb2 37. Ree3 Ra8 38. Re1 Raa2 39. Rde3 Rg2+ 40. Kh1 Rh2+ 41. Kg1 Rhg2+ 42. Kh1 Rh2+ 43. Kg1 1/2-1/2

[Event "RUS-ch Women Rapid 2019"]
[Site "Sochi"]
[Date "2019.10.15"]
[Round "4.6"]
[White "Ambartsumova, Karina"]
[Black "Lysenko, Margarita"]
[Result "1-0"]
[ECO "A28"]
[WhiteElo "2336"]
[BlackElo "2243"]
[Annotator "NA"]
[PlyCount "79"]
[EventDate "2019.10.15"]
[EventType "swiss"]
[EventCountry "RUS"]
[SourceTitle "playchess.com"]
[Source "ChessBase"]
[SourceQuality "1"]
[TimeControl "900+10"]

1. c4 e5 2. Nc3 Nf6 3. Nf3 Nc6 4. a3 d5 5. cxd5 Nxd5 6. Qc2 Be7 7. e3 a6 8. b4 Nxc3 9. dxc3 O-O 10. Bd3 f5 11. e4 f4 12. O-O Bg4 13. Be2 Qe8 14. h3 Be6 15. Bb2 Bf6 16. c4 Rd8 17. Rad1 Qg6 18. Kh2 Nd4 19. Bxd4 exd4 20. Bd3 Qh5 21. e5 Be7 22. Be4 c5 23. Bxb7 g5 24. bxc5 Bxc5 25. Bd5 Bxd5 26. cxd5 Rxd5 27. Qc4 Rfd8 28. Qxa6 d3 29. Qe6+ Qf7 30. Nxg5 Qxe6 31. Nxe6 R8d7 32. Nxf4 Rxe5 33. Rxd3 Rf7 34. g3 Ra7 35. Rd8+ Bf8 36. Rb1 Kf7 37. Rbb8 Bxa3 38. Rh8 Kg7 39. Rbg8+ Kh6 40. Rg6# 1-0

[Event "RUS-ch Women Rapid 2019"]
[Site "Sochi"]
[Date "2019.10.15"]
[Round "4.7"]
[White "Chekmareva, Liya"]
[Black "Bykova, Anastasia"]
[Result "1/2-1/2"]
[ECO "B14"]
[WhiteElo "2023"]
[BlackElo "2247"]
[Annotator "NA"]
[PlyCount "57"]
[EventDate "2019.10.15"]
[EventType "swiss"]
[EventCountry "RUS"]
[SourceTitle "playchess.com"]
[Source "ChessBase"]
[SourceQuality "1"]
[TimeControl "900+10"]

1. e4 c6 2. d4 d5 3. exd5 cxd5 4. c4 e6 5. Nc3 Nf6 6. Bg5 Be7 7. Nf3 O-O 8. c5 b6 9. b4 a5 10. a3 axb4 11. axb4 Rxa1 12. Qxa1 bxc5 13. bxc5 Ne4 14. Bxe7 Qxe7 15. Bd3 Bb7 16. O-O f5 17. Rb1 Nc6 18. Ne2 Ra8 19. Qb2 Bc8 20. Qb6 Bd7 21. Rc1 Rb8 22. Qc7 Rc8 23. Qb7 Rb8 24. Qc7 Rc8 25. Qb7 Qd8 26. Qb6 Qf6 27. Qb7 Qd8 28. Qb6 Qf6 29. Qb7 1/2-1/2

[Event "RUS-ch Women Rapid 2019"]
[Site "Sochi"]
[Date "2019.10.15"]
[Round "4.8"]
[White "Shafigullina, Zarina"]
[Black "Lysenko, Maria"]
[Result "1-0"]
[ECO "A46"]
[WhiteElo "2295"]
[BlackElo "1986"]
[Annotator "NA"]
[PlyCount "99"]
[EventDate "2019.10.15"]
[EventType "swiss"]
[EventCountry "RUS"]
[SourceTitle "playchess.com"]
[Source "ChessBase"]
[SourceQuality "1"]
[TimeControl "900+10"]

1. d4 Nf6 2. Nf3 e6 3. g3 b6 4. Bg2 Bb7 5. O-O d5 6. c4 Be7 7. cxd5 exd5 8. Nc3 O-O 9. Bf4 Nh5 10. Bd2 Nf6 11. Rc1 Ne4 12. Bf4 Bd6 13. Bxd6 Nxd6 14. Ne5 c6 15. Re1 Nd7 16. e4 dxe4 17. Nxe4 Nxe4 18. Bxe4 Nxe5 19. dxe5 Qc7 20. Rc4 g6 21. Qd6 Rac8 22. Qxc7 Rxc7 23. Rd1 c5 24. Bxb7 Rxb7 25. Rd6 Re8 26. f4 Re6 27. Rd8+ Kg7 28. Kf2 f6 29. exf6+ Kxf6 30. Rc2 Rbe7 31. Rcd2 Re8 32. R8d5 R8e7 33. Kf3 Re3+ 34. Kg4 Re2 35. h3 h5+ 36. Kh4 Rxd2 37. Rxd2 Kf5 38. Rd5+ Kf6 39. g4 hxg4 40. hxg4 Re2 41. Rd6+ Re6 42. Rxe6+ Kxe6 43. Kg5 Kf7 44. f5 gxf5 45. Kxf5 b5 46. Ke5 Kg6 47. Kd5 c4 48. a3 Kg5 49. Kc5 a6 50. Kb6 1-0

[Event "RUS-ch Women Rapid 2019"]
[Site "Sochi"]
[Date "2019.10.15"]
[Round "4.11"]
[White "Maltsevskaya, Aleksandra"]
[Black "Gutkovich, Polina"]
[Result "0-1"]
[ECO "B00"]
[WhiteElo "2304"]
[BlackElo "2105"]
[Annotator "NA"]
[PlyCount "72"]
[EventDate "2019.10.15"]
[EventType "swiss"]
[EventCountry "RUS"]
[SourceTitle "playchess.com"]
[Source "ChessBase"]
[SourceQuality "1"]
[TimeControl "900+10"]

1. e4 Nc6 2. Nf3 d6 3. d4 Nf6 4. Bd3 g6 5. O-O Bg7 6. c3 O-O 7. h3 e5 8. Na3 d5 9. exd5 Nxd5 10. dxe5 Nxe5 11. Nxe5 Bxe5 12. Bh6 Re8 13. Nc4 Bf4 14. Bxf4 Nxf4 15. Bc2 Qg5 16. Qf3 Bxh3 17. Ne3 Bd7 18. Bb3 Bc6 19. Qg4 Qxg4 20. Nxg4 Kg7 21. Ne3 Re5 22. Rfe1 Rae8 23. Kf1 Rh5 24. Kg1 Rg5 25. f3 Bxf3 26. Nf5+ gxf5 27. Rxe8 Rxg2+ 28. Kf1 Nh3 29. Ke1 Rg1+ 30. Kd2 Rxa1 31. Re7 Ng5 32. Rxc7 h5 33. Ke3 h4 34. Kf4 Rg1 35. Rd7 h3 36. Rd2 Rg2 0-1

[Event "RUS-ch Women Rapid 2019"]
[Site "Sochi"]
[Date "2019.10.15"]
[Round "4.12"]
[White "Mukhina, Jana"]
[Black "Gritsayeva, Oksana"]
[Result "1/2-1/2"]
[ECO "B31"]
[WhiteElo "2105"]
[BlackElo "2260"]
[Annotator "NA"]
[PlyCount "81"]
[EventDate "2019.10.15"]
[EventType "swiss"]
[EventCountry "RUS"]
[SourceTitle "playchess.com"]
[Source "ChessBase"]
[SourceQuality "1"]
[TimeControl "900+10"]

1. e4 c5 2. Nf3 Nc6 3. Bb5 g6 4. O-O Bg7 5. c3 Qb6 6. Bxc6 Qxc6 7. d4 d6 8. e5 Bg4 9. d5 Qd7 10. exd6 exd6 11. h3 Bxf3 12. Qxf3 Ne7 13. Bf4 O-O 14. Nd2 Rae8 15. Nc4 Nf5 16. g4 b5 17. Na5 Ne7 18. Rad1 Nc8 19. b4 f5 20. g5 Re4 21. Nc6 Rfe8 22. Qg3 Bxc3 23. Qxc3 Rxf4 24. bxc5 dxc5 25. Qxc5 Nd6 26. Qxa7 Qxa7 27. Nxa7 Ra4 28. Nc6 Rxa2 29. Rfe1 Re4 30. f3 Ree2 31. Rxe2 Rxe2 32. Ra1 f4 33. Ra8+ Kf7 34. Ra7+ Ke8 35. Ra8+ Kd7 36. Ra7+ Kc8 37. Ne7+ Kd8 38. Nc6+ Kc8 39. Ne7+ Kd8 40. Nc6+ Kc8 41. Ne7+ 1/2-1/2

[Event "RUS-ch Women Rapid 2019"]
[Site "Sochi"]
[Date "2019.10.15"]
[Round "5.1"]
[White "Sukhareva, Evgeniya"]
[Black "Ambartsumova, Karina"]
[Result "1-0"]
[ECO "E70"]
[WhiteElo "2122"]
[BlackElo "2336"]
[Annotator "NA"]
[PlyCount "70"]
[EventDate "2019.10.15"]
[EventType "swiss"]
[EventCountry "RUS"]
[SourceTitle "playchess.com"]
[Source "ChessBase"]
[SourceQuality "1"]
[TimeControl "900+10"]

1. d4 Nf6 2. c4 g6 3. Nc3 Bg7 4. e4 d6 5. Bg5 O-O 6. f3 c5 7. d5 a6 8. a4 Qa5 9. Qd2 b5 10. cxb5 Nbd7 11. bxa6 Bxa6 12. Bxa6 Qxa6 13. Nge2 Rfb8 14. O-O Rb4 15. Rab1 Rab8 16. Qc2 Qc4 17. Rfd1 h6 18. Be3 Ne8 19. Qd2 Qa6 20. Bxh6 Bxh6 21. Qxh6 Rxb2 22. Rxb2 Rxb2 23. Rd2 Rb4 24. h4 Ng7 25. Ng3 Qc4 26. Nce2 Nf6 27. e5 Nxd5 28. exd6 exd6 29. h5 Nf4 30. hxg6 Nxg6 31. Rxd6 Rb8 32. Qg5 Qc2 33. Rd2 Qxa4 34. Ne4 Qa1+ 35. Kf2 Ne6 1-0